 Dungeon Crawl Stone Soup version 0.28-a0-1395-g4f6bc678fa (webtiles) character file.

Game seed: 3351336629947270483

2898 wakim the Martial Artist (level 9, -8/64 HPs)
             Began as an Octopode Transmuter on Jan 4, 2022.
             Was an Initiate of Yredelemnul.
             Engulfed by a steam dragon's steam (9 damage)
             ... on level 7 of the Dungeon.
             The game lasted 00:30:02 (8074 turns).

wakim the Martial Artist (Octopode Transmuter)      Turns: 8074, Time: 00:30:03

Health: -8/64      AC:  8    Str:  9    XL:     9   Next: 77%
Magic:  9/12       EV: 10    Int: 20    God:    Yredelemnul [......]
Gold:   200        SH:  0    Dex: 12    Spells: 5/12 levels left

rFire   x . .      SeeInvis +     - Unarmed
rCold   + + +      Faith    .   (shield currently unavailable)
rNeg    . . .      Spirit   .   (helmet currently unavailable)
rPois   +          Reflect  .   h - amulet of regeneration
rElec   .          Harm     .   a - ring of see invisible
rCorr   .          Rampage  .   (no ring)
Will    .....                   (no ring)
Stlth   +.........              (no ring)
HPRegen 1.00/turn               (no ring)
MPRegen 0.13/turn               (no ring)
                                (no ring)
                                (no ring)

@: ice-form (expiring)
A: freezing attack, boosted hp, almost no armour, amphibious, 8 rings, large,
(camouflage 1), (gelatinous body 1), (nimble swimmer 1), (tentacles)
a: End Transformation, Renounce Religion, Recall Undead Harvest


You were on level 7 of the Dungeon.
You worshipped Yredelemnul.
Yredelemnul was noncommittal.
You were a creature of crystalline ice.
You visited 2 branches of the dungeon, and saw 8 of its levels.

You collected 200 gold pieces.

Inventory:

Missiles
 c - 2 throwing nets {=f!f}
 d - 34 poisoned darts
Armour
 k - a +0 kite shield
Jewellery
 a - a ring of see invisible (left front paw)
 h - an amulet of regeneration (around neck)
Wands
 x - a wand of charming (9)
Scrolls
 R - 2 scrolls of magic mapping {!r}
 T - a scroll of teleportation
 Y - a scroll of blinking {!r}
Potions
 b - 4 potions of curing {unknown}
 g - a potion of brilliance {unknown}
 j - a potion of heal wounds {unknown}
 E - a potion of cancellation
 G - 2 potions of flight
 N - 2 potions of might
 U - a potion of attraction {unknown}


   Skills:
 + Level 2.1 Fighting
 - Level 2.0 Dodging
 + Level 9.7 Unarmed Combat
 - Level 2.0 Spellcasting
 - Level 8.0 Transmutations
 - Level 5.0 Ice Magic
 * Level 0.0 Invocations


You had 5 spell levels left.
You knew the following spells:

 Your Spells              Type           Power      Damage    Failure   Level
c - Ice Form              Ice/Tmut       28%        N/A       11%         4
x - Spider Form           Tmut/Pois      18%        N/A       9%          3

Your spell library contained the following spells:

 Spells                   Type           Power      Damage    Failure   Level
 Beastly Appendage        Tmut           68%        N/A       1%          1
 Wereblood                Tmut           34%        N/A       1%          2
 Confusing Touch          Hex            2%         N/A       43%         3
 Yara's Violent Unravell  Hex/Tmut       9%         3d6       63%         5
 Enfeeble                 Hex            1%         N/A       100%        7


Dungeon Overview and Level Annotations

Branches:
Dungeon (7/15)             Temple (1/1) D:4

Altars:
Ashenzari
Cheibriados
Dithmenos
Elyvilon
Fedhas
Gozag
Hepliaklqana
Kikubaaqudgha
Makhleb
Qazlal
Ru
Sif Muna
Trog
Uskayaw
Vehumet
Wu Jian
Xom
Yredelemnul
Zin
The Shining One

Annotations:
D:3 3 runed translucent doors, Sigmund; ma3's ghost, amateur GrAr
D:4 exclusion: wight


Innate Abilities, Weirdness & Mutations

You are a creature of crystalline ice.
You have a powerful freezing melee attack.
Your maximum health is increased.
Your armour is entirely melded.
You are incapable of wielding weapons or throwing items.
You cannot wear most types of armour.
You are amphibious.
You can wear up to eight rings at the same time.
((Your skin changes colour to match your surroundings (Stealth+).))
((Your rubbery body absorbs attacks. (AC +1, EV +1)))
((You are camouflaged when in or above water. (Stealth+)))
((You have tentacles for arms and can constrict up to eight enemies at once.))


Message History

Okay, then.
You climb downwards.
There is a stone staircase leading up here.
Casting: Spider Form (dangerous; 9% risk of failure)
Confirm with . or Enter, or press ? or * to list all spells.
You turn into a creature of crystalline ice.
The steam dragon hisses angrily.
The steam dragon closely misses you.
The steam dragon claws you but does no damage.
You completely miss the steam dragon. The steam dragon barely misses you.
The steam dragon claws you but does no damage.
You hit the steam dragon but do no damage.
The steam dragon breathes steam at you. The ball of steam hits you!!
The steam scalds you terribly!
You completely miss the steam dragon.
You are engulfed in a cloud of scalding steam.
The steam dragon barely misses you. The steam dragon claws you.
The steam dragon bites you but does no damage.
The steam dragon barely misses you.
You hit the steam dragon. You freeze the steam dragon.
The steam dragon is lightly wounded.
You are engulfed in a cloud of scalding steam.
The steam dragon breathes steam at you. The ball of steam hits you!
The steam scalds you terribly!
* * * LOW HITPOINT WARNING * * *
The steam dragon bites you but does no damage.
The steam dragon barely misses you.
Okay, then.
You hit the steam dragon. You freeze the steam dragon.
The steam dragon is heavily wounded.
The steam dragon breathes steam at you. The ball of steam hits you!!
The steam scalds you terribly!
* * * LOW HITPOINT WARNING * * *
It was a potion of cancellation.
Your magical effects are unravelling.
You feel magically purged.
E - a potion of cancellation You are engulfed in a cloud of scalding steam.
You die...
Your body rises from the dead as a mindless zombie.

.######.....
...(.......
..........#
..........#
..........#
.........####
#§§......#
#..§§YD..#
#..§§....#
#.....§..#
#........#
#....§§..#
#........#
#....§§§.#
#........#
##########


You could see a steam dragon (catching breath).

Vanquished Creatures
  A troll (D:6)
  Grinder (D:5)
  A yak (D:6)
  Menkaure (D:6)
  An ice beast (D:6)
  3 sky beasts
  A centaur (D:5)
  A wyvern zombie (D:6)
  A scorpion (D:5)
  A wyvern skeleton (D:6)
  4 wights
  A bullfrog skeleton (D:4)
  An orc priest (D:3)
  A centaur zombie (D:5)
  A hound (D:6)
  Terence (D:2)
  5 iguanas
  3 orc wizards (D:5)
  2 hound zombies (D:5)
  Robin (D:3)
  A howler monkey skeleton (D:5)
  7 adders
  An ufetubus (D:4)
  An adder skeleton (D:4)
  3 worms
  5 dart slugs
  12 orcs
  6 endoplasms
  4 giant cockroaches
  11 goblins
  10 hobgoblins
  5 jackals
  11 kobolds
  A quokka (D:2)
  6 ball pythons
  7 bats
  A frilled lizard (D:2)
  A quokka skeleton (D:4)
  3 rats
128 creatures vanquished.

Vanquished Creatures (collateral kills)
  4 yaks (D:6)
  Duvessa (D:5)
  An ogre (D:6)
  Dowan (D:5)
  A bullfrog zombie (D:6)
  An orc (D:2)
9 creatures vanquished.

Vanquished Creatures (others)
  A yak zombie (D:6)
  A troll zombie (D:6)
  A scorpion zombie (D:5)
  A hound zombie (D:6)
  An adder zombie (D:6)
5 creatures vanquished.

Grand Total: 142 creatures vanquished

Notes
Turn   | Place    | Note
-------+----------+-------------------------------------------
     0 | D:1      | wakim the Octopode Transmuter began the quest for the Orb.
     0 | D:1      | Reached XP level 1. HP: 13/13 MP: 3/3
   349 | D:1      | Reached XP level 2. HP: 9/18 MP: 5/5
  1001 | D:1      | Reached XP level 3. HP: 21/24 MP: 2/6
  1107 | D:1      | Learned a level 3 spell: Spider Form
  1151 | D:1      | Found a faded altar of an unknown god.
  2030 | D:2      | Reached XP level 4. HP: 29/29 MP: 7/7
  2035 | D:2      | Reached skill level 4 in Unarmed Combat
  2067 | D:2      | Noticed Terence
  2082 | D:2      | Killed Terence
  2560 | D:3      | Reached XP level 5. HP: 14/34 MP: 5/8
  2794 | D:3      | Found a runed translucent gate.
  2796 | D:3      | Found a runed translucent gate.
  2796 | D:3      | Found a runed translucent gate.
  2798 | D:3      | Noticed ma3's ghost (amateur GrAr)
  2851 | D:3      | !bestwep
  2934 | D:3      | Noticed Robin
  2978 | D:3      | Killed Robin
  3309 | D:3      | Noticed Sigmund
  3409 | D:3      | !bestwep
  3412 | D:3      | !bestwep
  4147 | D:4      | Reached XP level 6. HP: 29/39 MP: 7/9
  4426 | D:3      | Reached skill level 5 in Unarmed Combat
  4426 | D:3      | Reached skill level 5 in Transmutations
  4768 | D:4      | Reached XP level 7. HP: 45/45 MP: 10/10
  4815 | D:4      | Found a staircase to the Ecumenical Temple.
  4821 | Temple   | Entered the Ecumenical Temple
  4828 | Temple   | Became a worshipper of Yredelemnul the Dark
  4842 | D:4      | Learned a level 4 spell: Ice Form
  5003 | D:5      | Entered Level 5 of the Dungeon
  5060 | D:5      | Reached skill level 1 in Ice Magic
  5101 | D:5      | Reached skill level 6 in Unarmed Combat
  5495 | D:5      | Found a snail-covered altar of Cheibriados.
  5496 | D:5      | Noticed Dowan
  5586 | D:5      | Reached * piety under Yredelemnul
  5586 | D:5      | Reached XP level 8. HP: 50/50 MP: 4/11
  5707 | D:5      | Reached ** piety under Yredelemnul
  5758 | D:5      | Noticed Duvessa
  5772 | D:5      | Killed Duvessa
  5777 | D:5      | Killed Dowan
  5877 | D:5      | Noticed Grinder
  5889 | D:5      | Killed Grinder
  5890 | D:5      | Reached skill level 7 in Unarmed Combat
  6490 | D:6      | Noticed Menkaure
  6518 | D:6      | Killed Menkaure
  6982 | D:6      | Reached XP level 9. HP: 27/54 MP: 8/12
  7327 | D:6      | Noticed a troll
  7342 | D:6      | Killed a troll
  7343 | D:6      | Reached skill level 8 in Unarmed Combat
  7379 | D:6      | Reached skill level 5 in Ice Magic
  7388 | D:6      | Reached skill level 9 in Unarmed Combat
  7654 | D:6      | Identified the +6 chain mail "Nopno" {rElec}
  8017 | D:6      | Found a radiant altar of Vehumet.
  8073 | D:7      | HP: 1/64 [steam dragon/ball of steam (24)]
  8074 | D:7      | Engulfed by a steam dragon's steam

Illustrated notes #####.#.## #....###.####### #.#.## ##....... ..#####.##.###.####### #.............#..# ##...#####.##....## #........#.####.## #.#.####.#.# #># #.####@#.####.# #...##.#......## #.###.##.#####...## #.#.......###.....## # #.........##.......## ## ###.....#.#.........####. #.....†.'.........+.... #.....#.#.........####. #.#.#.#.##.......## ## Turn 2851 on D:3: !bestwep

##########.#.#....# #..
#.#.)....# ### #.###....#
#.###..### #......#######
##############........#
#.......# #.######.#####
#.######.#####....... #
#...s........#..#####
##.#####[.#####.###.#..####
#.........# ##............#
#..#.###.##
#.....###.###.## #. #.# #.#
##...## #....... # #.# #.#
##.## #....... ... ..# #.#
#.##..## .## #.# #.#
#.#.#.# #. #.# #+# #.##.##


Turn 3409 on D:3: !bestwep ##########.#.#....# #.. #.#.)....# ### #.###....#
#.###..### #......####### ##############........# #.......# #.######.#####
#.######.#####....... # #...@........#..##### ##.#####[.#####.###.#..####
#.........# ##............# #..#.###.## #.....###.###.## #. #.# #.# ##...##
#....... # #.# #.# ##.## #....... ... ..# #.# #.##..## .## #.# #.# #.#.#.# #.
#.# #+# #.##.## Turn 3412 on D:3: !bestwep

Levels and vault maps discovered:
D:1:      amcnicky_arrival_choice, layout_loops_ring, serial_rivers,
          chequers_serial_rivers_room_b, chequers_serial_rivers_micro_a,
          chequers_serial_rivers_micro_c, chequers_serial_rivers_small_3,
          chequers_serial_rivers_room_b, chequers_serial_rivers_small_3,
          hellmonk_ecumenical_altar_prayer_group
D:2:      layout_loops_ring, uniq_terence
D:3:      layout_loops_corners, gammafunk_ghost_split, uniq_sigmund, uniq_robin
D:4:      layout_gridville, minmay_temple_entry_hall
D:5:      layout_basic, mainiacjoe_overflow_tiny_flanked, uniq_duvessa,
          uniq_grinder
D:6:      layout_layer_cave, kennysheep_little_box, uniq_menkaure
D:7:      layout_basic, uniq_pikel
Temple:   nicolae_temple_no_exploring_needed

Skill      XL: |  1  2  3  4  5  6  7  8  9 |
---------------+----------------------------+-----
Fighting       | 2 |  2.1
Unarmed Combat | 4 5 6 7 9 |  9.7
Transmutations | 3 4 5 7 8 |  8.0
Ice Magic      | 2 4 5 |  5.0
Dodging        | |  2.0
Spellcasting   | |  2.0

Action                   |  1- 3 |  4- 6 |  7- 9 || total
-------------------------+-------+-------+-------++-------
Melee: Unarmed           |    91 |   151 |   162 ||   404
       Constrict         |    23 |    27 |     5 ||    55
       Tentacles         |    16 |    19 |     3 ||    38
       Kick              |     7 |    15 |     2 ||    24
       Punch             |       |     2 |     2 ||     4
 Cast: Beastly Appendage |    11 |    15 |     2 ||    28
       Spider Form       |     2 |    10 |    19 ||    31
       Ice Form          |       |       |     4 ||     4
Invok: Recall Undead Har |       |       |     3 ||     3
       Dark Bargain      |       |       |     1 ||     1
  Use: Scroll            |     2 |     1 |     7 ||    10
       Potion            |       |       |     1 ||     1
 Stab: Sleeping          |     3 |     7 |     2 ||    12
Armor: Skin              |    13 |     6 |    21 ||    40
Dodge: Dodged            |    78 |    73 |   109 ||   260

Table legend: (Time is in decaauts)
 A = Elapsed time spent in this place.
 B = Non-inter-level travel time spent in this place.
 C = Inter-level travel time spent in this place.
 D = Time resting spent in this place.
 E = Time spent auto-exploring this place.
 F = Levels seen in this place.
 G = Mean time per level.
                   A        B        C        D        E       F      G
               +--------+--------+--------+--------+--------+-----+--------+
         Total |   8035 |   7817 |    218 |    841 |   5011 |   8 | 1004.4 |
       Dungeon |   8021 |   7803 |    218 |    841 |   5011 |   7 | 1145.9 |
        Temple |     14 |     14 |      0 |      0 |      0 |   1 |   14.0 |
               +--------+--------+--------+--------+--------+-----+--------+

Top non-repeatable levels by time:
     D:1: 1791 daAuts
     D:6: 1694 daAuts
     D:5: 1348 daAuts
     D:4: 1295 daAuts
     D:3: 1209 daAuts
     D:2: 672 daAuts
  Temple: 14 daAuts
     D:7: 9 daAuts
